 Dungeon Crawl Stone Soup version 0.31-a0-963-ga325b2283a (webtiles) character file.

Game seed: 14670817391112854378

4 LeprechaunX the Changeling (level 1, -4/13 HPs)
             Began as an Octopode Shapeshifter on Oct 25, 2023.
             Slain by a gnoll
             ... wielding a +0 flail of holy wrath
              (7 damage)
             ... on level 1 of the Dungeon.
             The game lasted 00:00:13 (215 turns).

LeprechaunX the Changeling (Octopode Shapeshifter)   Turns: 215, Time: 00:00:13

Health: -4/13      AC:  1    Str: 13    XL:     1   Next: 70%
Magic:  1/1        EV: 13    Int: 12    God:
Gold:   47         SH:  0    Dex: 11    Spells: 0/0 levels left

rFire   . .          .
                       - Unarmed
rCold   . . .        (no shield)
rNeg    . . .        (helmet currently unavailable)
rPois   .            (no amulet)
rElec   .            (no ring)
rCorr   .            (no ring)
SInv    .            (no ring)
Will    .....        (no ring)
Stlth   ++           (no ring)
HPRegen 0.22/turn    (no ring)
MPRegen 0.07/turn    (no ring)
                     (no ring)

%: no passive effects
@: beast-form
A: beast (slay +1), almost no armour, amphibious, 8 rings, camouflage 1,
gelatinous body 1, (nimble swimmer 1), tentacles
a: Begin Untransformation


You were on level 1 of the Dungeon.
You were a hulking beast.
You visited 1 branch of the dungeon, and saw 1 of its levels.

You collected 47 gold pieces.

Inventory:

Talismans
 b - a beast talisman
 c - a flux talisman
Scrolls
 d - a scroll of vulnerability {unknown}
 e - a scroll of blinking {unknown}
Potions
 a - a potion of lignification


   Skills:
 + Level 1.1 Fighting
 - Level 2.0 Dodging
 + Level 3.0 Unarmed Combat
 * Level 3.1 Shapeshifting


You couldn't memorise any spells.
You didn't know any spells.
Your spell library was empty.

Dungeon Overview and Level Annotations

Branches:
Dungeon (1/15)

Altars:


Innate Abilities, Weirdness & Mutations

You are a hulking beast.
Your limbs bulge with bestial killing power. (Slay +1)
You cannot wear most types of armour.
You are amphibious.
You can wear up to eight rings at the same time.
Your skin changes colour to match your surroundings (Stealth+).
Your rubbery body absorbs attacks. (AC +1, EV +1)
((You are camouflaged when in or above water. (Stealth+)))
You have tentacles for arms and can constrict up to eight enemies at once.


Message History

The gnoll shouts!
A gnoll is nearby!
A gnoll is nearby!
A hobgoblin comes into view.
Found a fuming blue potion.
The gnoll misses you.
You closely miss the gnoll. Your grab misses the gnoll.
A kobold comes into view. It is wielding a +0 dagger.
The gnoll hits you with a +0 flail of holy wrath!
Ouch! That really hurt!
* * * LOW HITPOINT WARNING * * *
You are too injured to fight recklessly!
You are too injured to fight recklessly!
You are too injured to fight recklessly!
You are too injured to fight recklessly!
You are too injured to fight recklessly!
You are too injured to fight recklessly!
You are too injured to fight recklessly!
You are too injured to fight recklessly!
You are too injured to fight recklessly!
You are too injured to fight recklessly!
You are too injured to fight recklessly!
You are too injured to fight recklessly!
You are too injured to fight recklessly!
You are too injured to fight recklessly!
You are too injured to fight recklessly!
You are too injured to fight recklessly!
You are too injured to fight recklessly!
You are too injured to fight recklessly!
You are too injured to fight recklessly!
The kobold shouts!
You tentacle-slap the gnoll. Your grab misses the gnoll.
The gnoll is lightly wounded.
The gnoll barely misses you.
You tentacle-slap the gnoll. You grab the gnoll.
The gnoll is moderately wounded.
You constrict the gnoll.
The gnoll hits you with a +0 flail of holy wrath!
Ouch! That really hurt!
You die...

## ######### ####!#
#.......# #....#
#.......####....####
###...................
###.........###..g..#
..............#.hg..##
.♣♣♣♣♣####..............
♣♣ #.##......#####
♣♣...♣♣♣♣#.##......K..
.........#.##.########
.........#.....
..8.8..8.####.#
÷÷...÷÷..# ...
........(# ...


You could see a gnoll, a hobgoblin and a kobold.

Vanquished Creatures
  An endoplasm (D:1)
  A giant cockroach (D:1)
  A hobgoblin (D:1)
  A ball python (D:1)
4 creatures vanquished.

Notes
Turn   | Place    | Note
-------+----------+-------------------------------------------
     0 | D:1      | LeprechaunX the Octopode Shapeshifter began the quest for
                  | the Orb.
     0 | D:1      | Reached XP level 1. HP: 13/13 MP: 1/1
   215 | D:1      | Slain by a gnoll

Illustrated notes

Levels and vault maps discovered:
D:1:      giann_forest_graveyard, layout_basic, minivault_11

Action                     || total
---------------------------++-------
  Melee: Unarmed           ||     8
         Constrict         ||     2
         Tentacles         ||     2
 Armour: Skin              ||     5
  Dodge: Dodged            ||     3

Table legend: (Time is in decaauts)
 A = Elapsed time spent in this place.
 B = Non-inter-level travel time spent in this place.
 C = Inter-level travel time spent in this place.
 D = Time resting spent in this place.
 E = Time spent auto-exploring this place.
 F = Levels seen in this place.
 G = Mean time per level.
                   A        B        C        D        E       F      G
               +--------+--------+--------+--------+--------+-----+--------+
         Total |    214 |    214 |      0 |      0 |    182 |   1 |  214.0 |
       Dungeon |    214 |    214 |      0 |      0 |    182 |   1 |  214.0 |
               +--------+--------+--------+--------+--------+-----+--------+

Top non-repeatable levels by time:
     D:1: 214 daAuts
